 Dungeon Crawl Stone Soup version 0.30-a0-4-ga7cffc901d (webtiles) character file.

Game seed: 2131703423911353760

984 Setbun the Slicer (level 8, 0/75 HPs)
             Began as a Kobold Berserker on Aug 20, 2022.
             Was a Priest of Trog.
             Splashed by a jelly's acid (4 damage)
             ... on level 5 of the Dungeon.
             The game lasted 00:08:28 (5265 turns).

Setbun the Slicer (Kobold Berserker)                Turns: 5265, Time: 00:08:28

Health: 0/75       AC: -4    Str: 14    XL:     8   Next: 40%
Magic:  8/8        EV: 21    Int:  9    God:    Trog [***...]
Gold:   269        SH:  0    Dex: 16    Spells: 7/7 levels left

rFire   . . .      SeeInvis .    o - +1 dagger (speed)
rCold   . . .      Faith    .    (no shield)
rNeg    . . .      Spirit   .    b - +0 animal skin
rPois   .          Reflect  .    (no helmet)
rElec   .          Harm     .    (no cloak)
rCorr   .          Rampage  .    f - +0 pair of gloves
Will    .....                    (no boots)
Stlth   ..........               (no amulet)
HPRegen 0.22/turn                d - +4 ring of protection
MPRegen 0.11/turn                i - +4 ring of evasion

@: berserking, corroded, very quick
A: small, no large weapons, nightstalker 3
a: Renounce Religion, Berserk, Trog's Hand


You were on level 5 of the Dungeon.
You worshipped Trog.
Trog was most pleased with you.
You visited 1 branch of the dungeon, and saw 5 of its levels.

You collected 269 gold pieces.

Inventory:

Hand Weapons
 o - a +1 dagger of speed (weapon)
 y - a +1 dagger of flaming
Missiles
 A - 2 throwing nets (quivered)
Armour
 b - a +0 animal skin (worn)
 f - a +0 pair of gloves (worn)
Jewellery
 d - a +4 ring of protection (left hand)
 e - a ring of willpower
 i - a +4 ring of evasion (right hand)
 l - a ring of willpower
 B - the ring "Deumaikh" {rF+ Will+ rCorr}
   (You found it on level 4 of the Dungeon)

   [ring of protection from fire]

   rF:        It protects you from fire.
   rCorr:     It protects you from acid and corrosion.
   Will:      It increases your willpower.
 E - an amulet of the acrobat
Wands
 x - a wand of mindburst (14)
Scrolls
 a - a scroll of noise {unknown}
 c - 5 scrolls of identify {unknown}
 h - 2 scrolls of teleportation {unknown}
 j - 2 scrolls of immolation {unknown}
 m - a scroll of blinking {unknown}
 n - a scroll of silence {unknown}
 s - a scroll of vulnerability {unknown}
 u - a scroll of enchant weapon {unknown}
 v - a scroll of magic mapping {unknown}
 C - a scroll of amnesia {unknown}
Potions
 g - a potion of magic {unknown}
 k - 3 potions of cancellation {unknown}
 p - 2 potions of might {unknown}
 q - a potion of curing {unknown}
 r - a potion of brilliance {unknown}
 t - a potion of lignification {unknown}
 w - a potion of berserk rage {unknown}
 z - a potion of mutation {unknown}
 D - a potion of heal wounds {unknown}


   Skills:
 + Level 5.5 Fighting
 * Level 8.6 Short Blades
 - Level 1.5 Armour
 + Level 5.4 Dodging
 + Level 5.6 Stealth


You had 7 spell levels left.
You didn't know any spells.
Your spell library was empty.

Dungeon Overview and Level Annotations

Branches:
Dungeon (5/15)             Temple (0/1) D:4

Altars:
Wu Jian

Annotations:
D:4 2 runed translucent doors


Innate Abilities, Weirdness & Mutations

You are small and have problems with some larger weapons.
You are completely attuned to the shadows.


Message History

The jelly closely misses you.
You hit the jelly but do no damage.
Your hands burn!
The jelly is lightly wounded.
You hit the jelly.
Your hands burn!
The jelly is lightly wounded.
You are too injured to fight recklessly!
You are too injured to fight recklessly!
You are too injured to fight recklessly!
You are too injured to fight recklessly!
You are too injured to fight recklessly!
You are too injured to fight recklessly!
You are too injured to fight recklessly!
You are too injured to fight recklessly!
You are too injured to fight recklessly!
You are too injured to fight recklessly!
You are too injured to fight recklessly!
You are too injured to fight recklessly!
You are too injured to fight recklessly!
You are too injured to fight recklessly!
You are too injured to fight recklessly!
You are too injured to fight recklessly!
You are too injured to fight recklessly!
Unknown command.
You hit the jelly.
Your hands burn!
The jelly is heavily wounded.
The jelly hits you. The acid corrodes you!
You are splashed with acid!
* * * LOW HITPOINT WARNING * * *
You barely miss the jelly.
The jelly is heavily wounded.
You hit the jelly but do no damage.
Your hands burn!
* * * LOW HITPOINT WARNING * * *
The jelly is heavily wounded.
The jelly completely misses you.
You hit the jelly but do no damage. The acid corrodes you!
Your hands burn!
* * * LOW HITPOINT WARNING * * *
The jelly is heavily wounded.
A red film seems to cover your vision as you go berserk!
You feel yourself moving faster!
You feel mighty! The jelly closely misses you.
You hit the jelly but do no damage.
Your hands burn!
You die...

#####.....
#...##...
#####...#
###
#.......#
#.......#
#.......#
#......##
.......#
...J@..#
...†...#
.......#
.....###
.....+


You could see a jelly.

Vanquished Creatures
  A water moccasin (D:5)
  An ogre (D:4)
  2 phantoms (D:4)
  2 gnoll sergeants (D:4)
  A scorpion (D:4)
  A wight (D:4)
  A hound (D:5)
  2 iguanas (D:4)
  2 orc wizards (D:4)
  Robin (D:3)
  11 adders
  3 gnolls (D:4)
  An ufetubus (D:4)
  7 worms
  3 dart slugs
  12 orcs (D:4)
  3 bats
  5 endoplasms
  A giant cockroach (D:2)
  14 hobgoblins
  10 jackals
  3 quokkas (D:2)
  7 ball pythons
  7 frilled lizards
  14 goblins
  7 kobolds
  2 rats
124 creatures vanquished.

Notes
Turn   | Place    | Note
-------+----------+-------------------------------------------
     0 | D:1      | Setbun the Kobold Berserker began the quest for the Orb.
     0 | D:1      | Reached XP level 1. HP: 14/14 MP: 1/1
    90 | D:1      | Reached XP level 2. HP: 19/19 MP: 2/2
   229 | D:1      | Reached skill level 1 in Stealth
   961 | D:2      | Reached XP level 3. HP: 23/23 MP: 3/3
   989 | D:2      | Found a faded altar of an unknown god.
  1008 | D:2      | Found an ornate altar of the Wu Jian Council.
  1051 | D:2      | Reached skill level 5 in Short Blades
  1051 | D:2      | Reached XP level 4. HP: 21/29 MP: 4/4
  1180 | D:2      | Reached ** piety under Trog
  1961 | D:3      | Noticed Robin
  1976 | D:3      | Killed Robin
  1977 | D:3      | Reached XP level 5. HP: 33/33 MP: 5/5
  2936 | D:4      | Reached skill level 6 in Short Blades
  2936 | D:4      | Reached XP level 6. HP: 21/38 MP: 6/6
  3040 | D:4      | Reached *** piety under Trog
  3290 | D:4      | Found a large runed translucent door.
  3291 | D:4      | Found a large runed translucent door.
  3413 | D:4      | Found a transporter.
  3432 | D:4      | Found a transporter.
  3448 | D:4      | Noticed an ogre
  3455 | D:4      | Killed an ogre
  3456 | D:4      | Reached skill level 7 in Short Blades
  3456 | D:4      | Reached XP level 7. HP: 30/44 MP: 7/7
  3978 | D:4      | Found a staircase to the Ecumenical Temple.
  4297 | D:4      | Found a large runed translucent door.
  4302 | D:4      | Found a large runed translucent door.
  4367 | D:4      | Reached skill level 5 in Fighting
  4491 | D:4      | Identified the ring "Deumaikh" {rF+ Will+ rCorr}
  4498 | D:4      | Reached skill level 8 in Short Blades
  4498 | D:4      | Reached skill level 5 in Dodging
  4498 | D:4      | Reached skill level 5 in Stealth
  4498 | D:4      | Reached XP level 8. HP: 49/49 MP: 8/8
  5123 | D:5      | Entered Level 5 of the Dungeon
  5263 | D:5      | HP: 2/50 [acid (5)]
  5265 | D:5      | Splashed by a jelly's acid

Illustrated notes

Levels and vault maps discovered:
D:1:      ebering_trefoil_twist, layout_basic, minmay_tripent
D:2:      layout_loops_cross, dreamdust_ecumenical_altar_statues, basic_altar,
          grunt_ministairs_13
D:3:      layout_loops_cross, uniq_robin
D:4:      gammafunk_wand_slinger, layout_layer_cave, minmay_temple_entry_hall,
          nicolae_ossuary_entry_false_entrances, hangedman_abyss_or_decor_stabs,
          grunt_decor_one_mirror, solitary_fountain,
          minmay_hollow_rounded_squares
D:5:      layout_basic

Skill      XL: |  1  2  3  4  5  6  7 |
---------------+----------------------+-----
Stealth        | 1 2 3 4 5 |  5.6
Short Blades   | 5 6 7 8 |  8.6
Dodging        | 3 4 5 |  5.4
Fighting       | 4 5 |  5.5
Armour         | |  1.5

Action                   |  1- 3 |  4- 6 |  7- 9 || total
-------------------------+-------+-------+-------++-------
Melee: Short sword       |    79 |     5 |       ||    84
       Dagger            |       |   247 |   162 ||   409
       Punch             |       |       |     2 ||     2
Invok: Berserk           |       |     5 |     3 ||     8
       Trog's Hand       |       |       |     1 ||     1
 Stab: Sleeping          |     8 |    20 |    16 ||    44
Armor: Animal skin       |    10 |    30 |     9 ||    49
Dodge: Dodged            |    46 |   114 |    64 ||   224

Table legend: (Time is in decaauts)
 A = Elapsed time spent in this place.
 B = Non-inter-level travel time spent in this place.
 C = Inter-level travel time spent in this place.
 D = Time resting spent in this place.
 E = Time spent auto-exploring this place.
 F = Levels seen in this place.
 G = Mean time per level.
                   A        B        C        D        E       F      G
               +--------+--------+--------+--------+--------+-----+--------+
         Total |   5092 |   4727 |    365 |    612 |   3077 |   5 | 1018.4 |
       Dungeon |   5092 |   4727 |    365 |    612 |   3077 |   5 | 1018.4 |
               +--------+--------+--------+--------+--------+-----+--------+

Top non-repeatable levels by time:
     D:4: 2161 daAuts
     D:3: 945 daAuts
     D:1: 940 daAuts
     D:2: 923 daAuts
     D:5: 121 daAuts
